 Seeded DCSS version 0.30-a0-715-gdb4ae3ece1 (webtiles) character file.

Game seed: 5430720872467839093 (custom seed)

130 OTABOTABOTAB the Caller (level 5, 22/32 HPs)
             Began as an Octopode Summoner on Jan 23, 2023.
             Quit the game on level 2 of the Dungeon.
             The game lasted 00:07:25 (2494 turns).

OTABOTABOTAB the Caller (Octopode Summoner)         Turns: 2494, Time: 00:07:25

Health: 22/32      AC:  1    Str: 13    XL:     5   Next: 14%
Magic:  10/10      EV: 13    Int: 20    God:
Gold:   3227       SH:  0    Dex: 12    Spells: 1/10 levels left

rFire   . . .      SeeInvis .    a - +0 dagger (vamp)
rCold   + . .      Faith    .    (no shield)
rNeg    . . .      Spirit   .    (helmet restricted)
rPois   .          Reflect  .    (no amulet)
rElec   .          Harm     .    b - +6 ring of strength
rCorr   .          Rampage  .    C - ring of protection from cold {rC+, !d}
Will    .....                    (no ring)
Stlth   +++                      (no ring)
HPRegen 0.25/turn                (no ring)
MPRegen 0.12/turn                (no ring)
                                 (no ring)
                                 (no ring)

@: no status effects
A: almost no armour, amphibious, 8 rings, camouflage 1, gelatinous body 1,
(nimble swimmer 1), tentacles
a: no special abilities


You were on level 2 of the Dungeon.
You visited 1 branch of the dungeon, and saw 2 of its levels.

You collected 3227 gold pieces.

Inventory:

Hand Weapons
 a - a +0 vampiric dagger (weapon)
   (You took it off a kobold on level 1 of the Dungeon)
Missiles
 s - 19 stones
Jewellery
 b - a +6 ring of strength (left tentacle)
   (You found it on level 1 of the Dungeon)
 C - a ring of protection from cold (right tentacle) {rC+, !d}
   (You found it on level 2 of the Dungeon)
Scrolls
 f - 2 scrolls of amnesia
Potions
 d - a potion of mutation {unknown}
 j - a potion of attraction {unknown}
 J - 2 potions of curing {@q1}
 M - a potion of magic


   Skills:
 + Level 0.5 Fighting
 + Level 2.1 Dodging
 - Level 2.6 Stealth
 + Level 3.4 Spellcasting
 + Level 0.5 Hexes
 + Level 5.1 Summonings


You had one spell level left.
You knew the following spells:

 Your Spells              Type           Power      Damage    Failure   Level
a - Summon Small Mammal   Summ           92%        N/A       1%          1
b - Call Canine Familiar  Summ           23%        N/A       4%          3
c - Call Imp              Summ           23%        N/A       2%          2
d - Summon Guardian Gole  Hex/Summ       14%        N/A       13%         3

Your spell library contained the following spells:

 Spells                   Type           Power      Damage    Failure   Level
 Summon Lightning Spire   Summ/Air       13%        N/A       43%         4


Dungeon Overview and Level Annotations

Branches:
Dungeon (2/15)

Altars:

Shops:
D:2 ?


Innate Abilities, Weirdness & Mutations

You cannot wear most types of armour.
You are amphibious.
You can wear up to eight rings at the same time.
Your skin changes colour to match your surroundings (Stealth+).
Your rubbery body absorbs attacks. (AC +1, EV +1)
((You are camouflaged when in or above water. (Stealth+)))
You have tentacles for arms and can constrict up to eight enemies at once.


Message History

The kobold hits you with a +0 short sword.
A bat comes into view.
Your crimson imp blinks!
You take 5 damage, and have 27/32 hp.
You barely miss the kobold. Your grab misses the kobold.
Your bat closely misses the kobold.
The kobold hits you with a +0 short sword.
Your crimson imp blinks!
You take 4 damage, and have 23/32 hp.
You barely miss the kobold. Your grab misses the kobold.
Your squeeze misses the kobold. The kobold closely misses you.
Your quokka bites the kobold.
The kobold dies!
You miss the bat. Your grab misses the bat. You squeeze the bat.
You kill the bat!
Unknown command.
No target in view!
Your hound disappears in a puff of smoke!
Your quokka disappears in a puff of smoke!
Your bat disappears in a puff of smoke!
Your crimson imp blinks!
Your crimson imp disappears in a puff of smoke!
s - 10 stones (gained 4)
Things that are here:
a +0 short sword; a kobold corpse
Found a stone staircase leading down.
Health restored: 32; MP restored: 10 You now have enough gold to buy a scroll of fear on this level, or buy a scroll of amnesia on this level.
You now have 69 gold pieces (gained 15).
s - 12 stones (gained 2)
n - 3 scrolls labelled ICHANW HIUVOTE
There is a stone staircase leading up here.
o - a scroll labelled ULOOHASMUSE
Found a stone staircase leading down.
Found a stone staircase leading down.
There is a stone staircase leading down here.
There is a stone staircase leading down here.
s - 19 stones (gained 7)
There is a stone staircase leading down here.
Things that are here:
a +0 short sword; a kobold skeleton
Found a stone staircase leading up.
There is a stone staircase leading up here.
An endoplasm comes into view.
An endoplasm is nearby!
You now have 7/10 mp.
Your hound bites the endoplasm!
The endoplasm dies!
You swap places.
Your hound runs in silly circles!
Your hound disappears in a puff of smoke!
n - 4 scrolls labelled ICHANW HIUVOTE (gained 1) Done exploring.
MP restored: 10 Done exploring.
Done exploring.
As you read the scroll labelled ACVEH IGGIFUPE, it crumbles to dust.
Your body is wracked with pain!
It was a scroll of torment.
You take 15 damage, and have 17/32 hp.
MASSIVE DAMAGE!!
As you read the scroll labelled FOAG OXIETEFUL, it crumbles to dust.
The scroll dissolves into smoke.
It was a scroll of fog.
As you read the scroll labelled KIASOIHUUP, it crumbles to dust.
It is a scroll of identify.
i - 2 potions of curing;
J - 2 potions of curing
As you read the scroll labelled KIEHURPHODD, it crumbles to dust.
It is a scroll of brand weapon.
Your +0 dagger thirsts for the lives of mortals!
a - a +0 vampiric dagger (weapon)
As you read the scroll labelled OSHUOC TYODAXA, it crumbles to dust.
It is a scroll of amnesia.
Really abort (and waste the scroll)?
Okay, then.
As you read the scroll labelled QODEMI MUTED, it crumbles to dust.
You hear a loud clanging noise!
It was a scroll of noise.
As you read the scroll labelled ULOOHASMUSE, it crumbles to dust.
The air around you briefly surges with heat, but it dissipates.
It was a scroll of immolation.
As you read the scroll labelled VADUNN HIYST, it crumbles to dust.
You feel strangely unstable.
It was a scroll of teleportation.
You start resting.
Your surroundings suddenly seem different.
As you read the scroll labelled YMAALE IKAA, it crumbles to dust.
It is a scroll of enchant armour.
You aren't carrying any armour which can be enchanted further.
This is a scroll of acquirement!
Something appears before you!
You now have enough gold to buy a scroll of blinking on this level, or buy a scroll of enchant armour on this level.
You now have 994 gold pieces (gained 925).
Something appears before you!
You now have 1814 gold pieces (gained 820).
Okay, then.
Unknown command.
Something appears before you!
You now have 2235 gold pieces (gained 421).
Something appears before you!
You now have 3227 gold pieces (gained

992). ############ # #.<........#
## #.########.#
.###########.########.######
#........##.#...@..........######
.######....###.#.................
## #..#..#..#.####.####.#####. #
###..........# #.# #....... #
#..)##.....######.# #.####.. #
#.#)###...........# #.# #§§
#####.#)############### #.# #§§
......#....# #.# #§§ ##.#######.#
#.# #§§


There were no monsters in sight!

Vanquished Creatures
  A gnoll (D:2)
  A bat (D:2)
2 creatures vanquished.

Vanquished Creatures (collateral kills)
  A necrophage (D:2)
  2 gnolls (D:2)
  An adder (D:2)
  2 bats
  5 endoplasms
  4 goblins
  2 hobgoblins
  4 jackals (D:1)
  5 kobolds
  2 quokkas (D:1)
  2 ball pythons (D:1)
  A frilled lizard (D:2)
  A rat (D:1)
32 creatures vanquished.

Grand Total: 34 creatures vanquished

Notes
Turn   | Place    | Note
-------+----------+-------------------------------------------
     0 | D:1      | OTABOTABOTAB the Octopode Summoner began the quest for the
                  | Orb.
     0 | D:1      | Reached XP level 1. HP: 11/11 MP: 3/3
   294 | D:1      | Reached XP level 2. HP: 17/17 MP: 0/5
   478 | D:1      | Learned a level 2 spell: Call Imp
  1173 | D:1      | Reached XP level 3. HP: 21/21 MP: 1/6
  1513 | D:2      | Learned a level 3 spell: Call Canine Familiar
  1570 | D:2      | Found Doddoiw's Magic Scroll Shoppe.
  1667 | D:2      | Noticed a necrophage
  1689 | D:2      | Killed a necrophage
  1690 | D:2      | Reached skill level 3 in Spellcasting
  1690 | D:2      | Reached skill level 5 in Summonings
  1690 | D:2      | Reached XP level 4. HP: 27/27 MP: 2/9
  1786 | D:2      | Learned a level 3 spell: Summon Guardian Golem
  1948 | D:2      | Reached XP level 5. HP: 32/32 MP: 1/10
  2486 | D:2      | Identified 4 scrolls of acquirement
  2486 | D:2      | Acquired 925 gold pieces
  2488 | D:2      | Acquired 820 gold pieces
  2490 | D:2      | Acquired 421 gold pieces
  2492 | D:2      | Acquired 992 gold pieces
  2494 | D:2      | Quit the game

Illustrated notes

Levels and vault maps discovered:
D:1:      dpeg_arrival_boxes_within_box, layout_basic
D:2:      layout_loops_ring, serial_shops, shop, nicolae_kite_square_tiling_tiny

Skill      XL: |  1  2  3 |
---------------+----------+-----
Spellcasting   | 3 |  3.4
Summonings     | 5 |  5.1
Fighting       | |  0.5
Dodging        | |  2.1
Stealth        | |  2.6
Hexes          | |  0.5

Action                     |  1- 3 |  4- 6 || total
---------------------------+-------+-------++-------
  Melee: Dagger            |       |     8 ||     8
         Constrict         |       |     2 ||     2
         Tentacles         |       |     1 ||     1
   Cast: Summon Small Mamm |    39 |     6 ||    45
         Call Imp          |    12 |     5 ||    17
         Call Canine Famil |     2 |     6 ||     8
    Use: Scroll            |       |    13 ||    13
 Armour: Skin              |     2 |       ||     2
  Dodge: Dodged            |    33 |    12 ||    45

Table legend: (Time is in decaauts)
 A = Elapsed time spent in this place.
 B = Non-inter-level travel time spent in this place.
 C = Inter-level travel time spent in this place.
 D = Time resting spent in this place.
 E = Time spent auto-exploring this place.
 F = Levels seen in this place.
 G = Mean time per level.
                   A        B        C        D        E       F      G
               +--------+--------+--------+--------+--------+-----+--------+
         Total |   2492 |   2468 |     24 |     86 |   1952 |   2 | 1246.0 |
       Dungeon |   2492 |   2468 |     24 |     86 |   1952 |   2 | 1246.0 |
               +--------+--------+--------+--------+--------+-----+--------+

Top non-repeatable levels by time:
     D:1: 1428 daAuts
     D:2: 1064 daAuts

Table legend:
 A = Kills in this place as a percentage of kills in entire the game.
 B = Kills by you in this place as a percentage of kills by you in the entire game.
 C = Kills by friends in this place as a percentage of kills by friends in the entire game.
 D = Other kills in this place as a percentage of other kills in the entire game.
 E = Experience gained in this place as a percentage of experience gained in the entire game.
 F = Experience gained in this place divided by the number of levels of this place that you have seen.
                   A       B       C       D       E      F
               +-------+-------+-------+-------+-------+----------------------
         Total | 100.0 | 100.0 | 100.0 |   N/A | 100.0 |  93.5
       Dungeon | 100.0 | 100.0 | 100.0 |   N/A | 100.0 |  93.5
               +-------+-------+-------+-------+-------+----------------------
